ITL
WABA DUCKS @ BLUEVILLE 83'S
07/05/2027
 
TOP OF THE 1ST
Waba Ducks batting - Pitching for Blueville 83's : RHP Gary Grimes
Pitching: RHP Gary Grimes
Batting: RHB Kelly Graham 0-0: Ball
1-0: Ground out 4-3 (Groundball, 4MS)
Batting: RHB Pedro Molina 0-0: Ball
1-0: Foul Ball, location: 2F
1-1: Swinging Strike
1-2: Strikes out looking
Batting: RHB Mario López 0-0: Ball
1-0: Called Strike
1-1: Fly out, F9 (Flyball, 89M)
Top of the 1st over - 0 run(s), 0 hit(s), 0 error(s), 0 left on base; Waba 0 - Blueville 0
BOTTOM OF THE 1ST
Blueville 83's batting - Pitching for Waba Ducks : RHP Nathan Walters
Pitching: RHP Nathan Walters
Batting: RHB Pat Haynes 0-0: Fly out, F9 (Flyball, 89M)
Batting: RHB Gernot Renner 0-0: Swinging Strike
0-1: Ball
1-1: Ball
2-1: Ball
3-1: Base on Balls
Batting: RHB Oliver Lugo 0-0: Called Strike
0-1: Ball
1-1: Called Strike
1-2: Ball
2-2: Ball
3-2: Strikes out swinging
Batting: RHB Barney Lawson 0-0: Called Strike
0-1: DOUBLE (Flyball, 7D)
Gernot Renner to third
Runner from 3rd tries for Home, SAFE, throw made home
Batting: RHB Matt Perkins 0-0: Called Strike
0-1: Called Strike
0-2: Ball
1-2: Foul Ball, location: 2F
1-2: Ball
2-2: Ball
3-2: Foul Ball, location: 2F
3-2: Foul Ball, location: 2F
3-2: Fly out, F8 (Line Drive, 8RS)
Bottom of the 1st over - 1 run(s), 1 hit(s), 0 error(s), 1 left on base; Waba 0 - Blueville 1
TOP OF THE 2ND
Waba Ducks batting - Pitching for Blueville 83's : RHP Gary Grimes
Batting: RHB Chris Osborn 0-0: Foul Ball, location: 2F
0-1: Ball
1-1: Swinging Strike
1-2: Ball
2-2: Strikes out looking
Batting: LHB Javier Orozco 0-0: Swinging Strike
0-1: Ball
1-1: Ball
2-1: Ball
3-1: SINGLE (Groundball, 56S) (infield hit)
Batting: RHB Enrico Ramos 0-0: Ball
1-0: Ball
2-0: Ball
3-0: Swinging Strike
3-1: Base on Balls
Javier Orozco to second
Batting: RHB Jeremy Flemming 0-0: Ball
1-0: Fly out, F7 (Flyball, 7)
Batting: RHB Ángelo García 0-0: Ball
1-0: Ball
2-0: Ground out 1-3 (Groundball, P)
Top of the 2nd over - 0 run(s), 1 hit(s), 0 error(s), 2 left on base; Waba 0 - Blueville 1
BOTTOM OF THE 2ND
Blueville 83's batting - Pitching for Waba Ducks : RHP Nathan Walters
Batting: RHB Dallas Blair 0-0: Called Strike
0-1: Ball
1-1: Called Strike
1-2: Foul Ball, location: 2F
1-2: Ball
2-2: Ball
3-2: Foul Ball, location: 2F
3-2: Base on Balls
Batting: LHB Vincente Sáenz Error on foul ball, E7
0-1: Called Strike
0-2: Ball
1-2: Ball
2-2: Ball
3-2: SINGLE (Line Drive, 8RS)
Dallas Blair to second
Dallas Blair to third
Batting: RHB Daryl Floyd 0-0: DOUBLE (Line Drive, 8RXD)
Dallas Blair scores
Vincente Sáenz to third
Runner from 3rd tries for Home, SAFE, no throw
Batting: LHB Júlio Velásquez 0-0: Swinging Strike
0-1: Called Strike
0-2: Strikes out looking
Batting: RHB Pat Haynes 0-0: Swinging Strike
0-1: Ground out 6-3 (Groundball, 56)
Batting: RHB Gernot Renner 0-0: Foul Ball, location: 2F
0-1: Ball
1-1: Ground out 3-1 (Groundball, 34)
Bottom of the 2nd over - 2 run(s), 2 hit(s), 1 error(s), 1 left on base; Waba 0 - Blueville 3
TOP OF THE 3RD
Waba Ducks batting - Pitching for Blueville 83's : RHP Gary Grimes
Batting: RHB Shaun Puckett 0-0: SINGLE (Flyball, 89S)
Batting: RHB Kelly Graham 0-0: Called Strike
0-1: Ball
1-1: Ball
2-1: Ball
3-1: Base on Balls
Shaun Puckett to second
Batting: RHB Pedro Molina 0-0: Foul Ball, location: 2F
0-1: Ball
1-1: Swinging Strike
1-2: Strikes out swinging
Batting: RHB Mario López 0-0: Called Strike
0-1: Ball
1-1: Swinging Strike
1-2: Grounds into double play, 4-6-3 (Groundball, 4)
Top of the 3rd over - 0 run(s), 1 hit(s), 0 error(s), 1 left on base; Waba 0 - Blueville 3
BOTTOM OF THE 3RD
Blueville 83's batting - Pitching for Waba Ducks : RHP Nathan Walters
Batting: RHB Oliver Lugo 0-0: Foul Ball, location: 2F
0-1: Ball
1-1: Foul Ball, location: 2F
1-2: Ball
2-2: Foul Ball, location: 2F
2-2: Strikes out swinging
Batting: RHB Barney Lawson 0-0: Foul Ball, location: 2F
0-1: Ground out 4-3 (Groundball, 4M)
Batting: RHB Matt Perkins 0-0: Foul Ball, location: 2F
0-1: Foul Ball, location: 2F
0-2: Ball
1-2: Foul Ball, location: 2F
1-2: Ground out 1-3 (Groundball, 15S)
Bottom of the 3rd over - 0 run(s), 0 hit(s), 0 error(s), 0 left on base; Waba 0 - Blueville 3
TOP OF THE 4TH
Waba Ducks batting - Pitching for Blueville 83's : RHP Gary Grimes
Batting: RHB Chris Osborn 0-0: Ball
1-0: Fly out, F7 (Flyball, 7)
Batting: LHB Javier Orozco 0-0: Ball
1-0: Swinging Strike
1-1: Called Strike
1-2: Strikes out looking
Batting: RHB Enrico Ramos 0-0: Ball
1-0: Foul Ball, location: 2F
1-1: Ball
2-1: Foul Ball, location: 2F
2-2: Strikes out swinging
Top of the 4th over - 0 run(s), 0 hit(s), 0 error(s), 0 left on base; Waba 0 - Blueville 3
BOTTOM OF THE 4TH
Blueville 83's batting - Pitching for Waba Ducks : RHP Nathan Walters
Batting: RHB Dallas Blair 0-0: Ball
1-0: Ball
2-0: Swinging Strike
2-1: Ground out 6-3 (Groundball, 6)
Batting: LHB Vincente Sáenz 0-0: Ball
1-0: Foul Ball, location: 2F
1-1: Swinging Strike
1-2: Foul Ball, location: 2F
1-2: Ball
2-2: Ball
3-2: Strikes out looking
Batting: RHB Daryl Floyd 0-0: Swinging Strike
0-1: Swinging Strike
0-2: Ground out 5-3 (Groundball, 56)
Bottom of the 4th over - 0 run(s), 0 hit(s), 0 error(s), 0 left on base; Waba 0 - Blueville 3
TOP OF THE 5TH
Waba Ducks batting - Pitching for Blueville 83's : RHP Gary Grimes
Batting: RHB Jeremy Flemming 0-0: Foul Ball, location: 2F
0-1: Swinging Strike
0-2: Foul Ball, location: 2F
0-2: Ball
1-2: Foul Ball, location: 2F
1-2: Fly out, F8 (Line Drive, 8RS)
Batting: RHB Ángelo García 0-0: Foul Ball, location: 2F
0-1: Ball
1-1: SINGLE (Flyball, 8LS)
Batting: RHB Shaun Puckett 0-0: Ball
1-0: Called Strike
1-1: Ball
2-1: Called Strike
2-2: Foul Ball, location: 2F
2-2: Ball
3-2: SINGLE (Line Drive, 78S)
Ángelo García to second
Ángelo García to third
Batting: RHB Kelly Graham 0-0: Ball
1-0: Called Strike
1-1: Ground out 6-3 (Groundball, 6MS)
Ángelo García scores
Shaun Puckett to second
Batting: RHB Pedro Molina 0-0: Foul Ball, location: 2F
0-1: SINGLE (Groundball, 4MD)
Shaun Puckett to third
Runner from 3rd tries for Home, throw and OUT!
Top of the 5th over - 1 run(s), 3 hit(s), 0 error(s), 1 left on base; Waba 1 - Blueville 3
BOTTOM OF THE 5TH
Blueville 83's batting - Pitching for Waba Ducks : RHP Nathan Walters
Batting: LHB Júlio Velásquez 0-0: Swinging Strike
0-1: Ball
1-1: Ball
2-1: Ground out 4-3 (Groundball, 4)
Batting: RHB Pat Haynes 0-0: Foul Ball, location: 2F
0-1: Ball
1-1: Ball
2-1: Ball
3-1: Foul Ball, location: 2F
3-2: Foul Ball, location: 2F
3-2: Base on Balls
Batting: RHB Gernot Renner 0-0: Ball
1-0: Ball
2-0: Called Strike
2-1: Foul Ball, location: 2F
2-2: Strikes out swinging
Batting: RHB Oliver Lugo 0-0: Fly out, F8 (Flyball, 8RS)
Bottom of the 5th over - 0 run(s), 0 hit(s), 0 error(s), 1 left on base; Waba 1 - Blueville 3
TOP OF THE 6TH
Waba Ducks batting - Pitching for Blueville 83's : RHP Gary Grimes
Batting: RHB Mario López 0-0: DOUBLE (Line Drive, 89XD)
Batting: RHB Chris Osborn 0-0: Called Strike
0-1: Ball
1-1: Ground out U3 (Groundball, 3)
Mario López to third
Batting: LHB Javier Orozco 0-0: Fly out, F8 (Flyball, 8LS)
Runner from 3rd tags up, SCORES, no throw
Batting: RHB Enrico Ramos 0-0: Ball
1-0: Called Strike
1-1: Ball
2-1: Called Strike
2-2: Ball
3-2: Base on Balls
Batting: RHB Jeremy Flemming 0-0: Ball
Enrico Ramos is caught stealing 2nd base
Top of the 6th over - 1 run(s), 1 hit(s), 0 error(s), 0 left on base; Waba 2 - Blueville 3
BOTTOM OF THE 6TH
Blueville 83's batting - Pitching for Waba Ducks : RHP Nathan Walters
Batting: RHB Barney Lawson 0-0: Ball
1-0: Ball
2-0: Called Strike
2-1: Swinging Strike
2-2: Strikes out swinging
Batting: RHB Matt Perkins 0-0: Foul Ball, location: 2F
0-1: Ball
1-1: Ball
2-1: Foul Ball, location: 2F
2-2: Foul Ball, location: 2F
2-2: Strikes out swinging
Batting: RHB Dallas Blair 0-0: Ball
1-0: Ball
2-0: SINGLE (Groundball, 6MD)
Pitching: RHP Sergio Torres
Batting: LHB Vincente Sáenz 0-0: Called Strike
Throwing error on steal attempt, E2
Dallas Blair to third
0-1: Ball
1-1: Ball
2-1: Ball
3-1: Base on Balls
Batting: RHB Daryl Floyd 0-0: Called Strike
0-1: Foul Ball, location: 2F
0-2: Fly out, F2 (Popup, 23)
Bottom of the 6th over - 0 run(s), 1 hit(s), 1 error(s), 2 left on base; Waba 2 - Blueville 3
TOP OF THE 7TH
Waba Ducks batting - Pitching for Blueville 83's : RHP Gary Grimes
Pitching: LHP Carlos Thomas
Batting: RHB Jeremy Flemming 0-0: Called Strike
0-1: Ball
1-1: Ball
2-1: Called Strike
2-2: Foul Ball, location: 2F
2-2: Strikes out swinging
Batting: RHB Ángelo García 0-0: Ball
1-0: Fly out, F8 (Flyball, 8RD)
Batting: RHB Shaun Puckett 0-0: Ball
1-0: Called Strike
1-1: Called Strike
1-2: Ball
2-2: Ground out 5-3 (Groundball, 5)
Top of the 7th over - 0 run(s), 0 hit(s), 0 error(s), 0 left on base; Waba 2 - Blueville 3
BOTTOM OF THE 7TH
Blueville 83's batting - Pitching for Waba Ducks : RHP Sergio Torres
Pitching: LHP Felipe Rivera
Batting: LHB Júlio Velásquez 0-0: Foul Ball, location: 2F
0-1: Foul Ball, location: 2F
0-2: Ball
1-2: Ball
2-2: Ball
3-2: Fly out, F1 (Line Drive, 13S)
Pitching: RHP John Dickson
Batting: RHB Pat Haynes 0-0: Swinging Strike
0-1: Ball
1-1: Ball
2-1: Ball
3-1: Fly out, F9 (Flyball, 9S)
Batting: RHB Gernot Renner 0-0: Ball
1-0: Ground out 4-3 (Groundball, 4)
Bottom of the 7th over - 0 run(s), 0 hit(s), 0 error(s), 0 left on base; Waba 2 - Blueville 3
TOP OF THE 8TH
Waba Ducks batting - Pitching for Blueville 83's : LHP Carlos Thomas
Pitching: RHP Félix Rivera
Batting: RHB Kelly Graham 0-0: Called Strike
0-1: Ball
1-1: Ball
2-1: Ground out 4-3 (Groundball, 4)
Batting: RHB Pedro Molina 0-0: Foul Ball, location: 2F
0-1: SINGLE (Flyball, 9LS)
Batting: RHB Mario López 0-0: Foul Ball, location: 2F
0-1: Ball
1-1: Ball
2-1: Fly out, F8 (Line Drive, 78S)
Batting: RHB Chris Osborn 0-0: Ball
1-0: Ball
2-0: Ball
3-0: Called Strike
3-1: Called Strike
3-2: SINGLE (Flyball, 34D)
Pedro Molina to second
Pedro Molina to third
Pitching: LHP Pierre Dumont
Batting: LHB Javier Orozco 0-0: Called Strike
0-1: Swinging Strike
0-2: Ball
1-2: Ball
2-2: Ball
3-2: Ground out 4-3 (Groundball, 34D)
Top of the 8th over - 0 run(s), 2 hit(s), 0 error(s), 2 left on base; Waba 2 - Blueville 3
BOTTOM OF THE 8TH
Blueville 83's batting - Pitching for Waba Ducks : RHP John Dickson
Batting: RHB Oliver Lugo 0-0: Called Strike
0-1: Ball
1-1: Swinging Strike
1-2: Ball
2-2: Strikes out swinging
Batting: RHB Barney Lawson 0-0: Ball
1-0: Ball
2-0: Ground out 6-3 (Groundball, 6D)
Batting: RHB Matt Perkins 0-0: Foul Ball, location: 2F
0-1: Swinging Strike
0-2: Ball
1-2: Strikes out swinging
Bottom of the 8th over - 0 run(s), 0 hit(s), 0 error(s), 0 left on base; Waba 2 - Blueville 3
TOP OF THE 9TH
Waba Ducks batting - Pitching for Blueville 83's : LHP Pierre Dumont
Pitching: RHP José Becerra
Batting: RHB Enrico Ramos 0-0: Called Strike
0-1: Ball
1-1: Ball
2-1: Foul Ball, location: 2F
2-2: Fly out, F9 (Line Drive, 9)
Batting: RHB Jeremy Flemming 0-0: Called Strike
0-1: Ball
1-1: Ball
2-1: SINGLE (Groundball, 4D)
Batting: RHB Ángelo García 0-0: Ball
1-0: Ball
2-0: Called Strike
2-1: SINGLE (Line Drive, 89S)
Jeremy Flemming to second
Runner from 2nd tries for 3rd, SAFE, no throw
Batting: RHB Shaun Puckett 0-0: Foul Ball, location: 2F
0-1: Ball
1-1: Ball
2-1: Foul Ball, location: 2F
2-2: Foul Ball, location: 2F
2-2: Strikes out swinging
Batting: RHB Kelly Graham 0-0: Ball
1-0: Ball
2-0: Foul Ball, location: 2F
2-1: Called Strike
2-2: Foul Ball, location: 2F
2-2: Foul Ball, location: 2F
2-2: Ball
3-2: Base on Balls
Ángelo García to second
Batting: RHB Pedro Molina 0-0: Ball
1-0: Ball
2-0: Swinging Strike
2-1: Foul Ball, location: 2F
2-2: Strikes out swinging
Top of the 9th over - 0 run(s), 2 hit(s), 0 error(s), 3 left on base; Waba 2 - Blueville 3
Thursday, March 30th, 2017 - OOTP Baseball 17.12 Build 75